Map: King Sejong Station LE

Players

Fropez - Winner!

  • Race: Protoss Protoss
  • League: Gold
  • Spawn Location: 5:00

Walmartpimp

  • Race: Protoss Protoss
  • League: Silver
  • Spawn Location: 11:00

VOD

Have the link to the VOD?

Description

Time

  • Played on: Sept. 27, 2016, 6:52 p.m.
  • Length: 21:09
Show
View Real Time Build Order
Export as new Build Order

Fropez Protoss - Winner!

Build Orders:  

Get SALT Encoding   

  12  0:01  Probe (Chrono Boost)  
  13  0:17  Pylon, Probe (Chrono Boost)  
  14  0:27  Probe (Chrono Boost)  
  15  0:31  Assimilator  
  15  0:40  Gateway  
  15  0:43  Probe (Chrono Boost)  
  16  0:54  Probe (Chrono Boost)  
  17  1:05  Gateway  
  17  1:09  Probe (Chrono Boost)  
  18  1:14  Assimilator  
  18  1:19  Probe (Chrono Boost)  
  19  1:31  Cybernetics Core  
  19  1:34  Probe (Chrono Boost)  
  20  1:48  Probe (Chrono Boost)  
  20  1:53  Pylon  
  21  1:58  Probe (Chrono Boost)  
  22  2:09  Warp Gate (Chrono Boost)  
  22  2:16  Robotics Facility  
  23  2:24  Twilight Council, Mothership Core  
  24  2:45  Probe  
  25  2:57  Probe  
  26  3:00  Resonating Glaives (Chrono Boost)  
  26  3:03  Warp Prism  
  28  3:13  Probe  
  29  3:25  Probe  
  30  3:27  Gateway  
  30  3:31  Gateway  
  30  3:34  Gateway  
  30  3:36  Gateway  
  30  3:39  Observer  
  31  3:51  Pylon  
  31  4:04  Pylon  
  31  4:09  Pylon  
  31  4:23  Probe  
  32  4:26  Pylon  
  32  4:28  Pylon  
  32  4:30  Pylon  
  32  4:43  Adept x3  
  32  4:44  Adept x2  
  42  5:01  Probe  
  43  5:17  Adept x4  
  43  5:18  Adept  
  53  5:53  Adept x3  
  53  5:54  Adept x2  
  57  6:16  Adept x3  
  57  6:17  Adept x2  
  35  6:28  Probe  
  35  6:29  Nexus  
  34  6:37  Immortal  
  38  6:40  Probe  
  39  6:58  Adept x2  
  39  6:59  Adept x3  
  49  7:07  Probe  
  50  7:16  Observer  
  50  7:17  Pylon  
  50  7:19  Pylon, Probe  
  52  7:24  Pylon  
  52  7:39  Immortal  
  56  7:46  Probe  
  56  7:51  Pylon  
  57  7:55  Assimilator  
  57  7:58  Assimilator  
  57  8:03  Adept x2  
  57  8:04  Adept  
  59  8:16  Adept x3  
  59  8:18  Probe  
  62  8:40  Adept x5  
  64  9:18  Probe  
  64  9:20  Probe  
  66  9:34  Probe  
  67  9:42  Nexus  
  67  9:43  Pylon  
  67  9:46  Pylon  
  67  9:48  Assimilator  
  67  9:54  Observer, Assimilator  
  68  10:01  Probe  
  68  10:07  Pylon, Dark Shrine  
  69  10:08  Gateway  
  69  10:09  Pylon  
  69  10:10  Pylon  
  69  10:11  Pylon  
  69  10:13  Forge  
  69  10:15  Pylon, Forge, Immortal  
  69  10:20  Pylon, Probe  
  74  10:22  Probe  
  75  10:50  Adept x2  
  75  10:51  Adept x3  
  75  11:17  Probe  
  75  11:18  Probe  
  72  11:20  Protoss Ground Weapons Level 1 (Chrono Boost)  
  72  11:24  Probe  
  74  11:28  Protoss Ground Armor Level 1 (Chrono Boost)  
  74  11:29  Probe  
  74  11:30  Probe  
  76  11:33  Immortal  
  80  11:41  Probe  
  81  11:50  Stargate  
  81  11:52  Stargate  
  81  11:55  Stargate  
  81  12:09  Probe  
  81  12:10  Probe  
  81  12:11  Probe  
  84  12:15  Protoss Air Weapons Level 1 (Chrono Boost)  
  84  12:17  Nexus  
  84  12:21  Pylon  
  84  12:24  Probe  
  84  12:25  Probe  
  86  12:42  Gateway  
  86  12:45  Pylon, Gateway  
  86  12:51  Assimilator  
  86  12:55  Assimilator  
  86  13:02  Probe, Templar Archives  
  86  13:03  Probe  
  86  13:05  Pylon  
  88  13:16  Dark Templar x3  
  88  13:19  Observer  
  95  13:23  Protoss Ground Weapons Level 2 (Chrono Boost)  
  95  13:29  Dark Templar  
  95  13:31  Dark Templar  
  95  13:33  Probe x2  
  101  13:45  Protoss Ground Armor Level 2 (Chrono Boost)  
  101  13:46  Probe  
  102  13:50  Probe  
  102  13:54  Psionic Storm  
  102  13:55  High Templar x4, Protoss Air Armor Level 1 (Chrono Boost)  
  111  13:56  High Templar x2  
  111  13:59  Archon x2  
  111  14:00  Archon  
  115  14:08  Probe  
  116  14:18  Robotics Bay  
  116  14:19  Pylon  
  114  14:30  Dark Templar x2  
  118  14:33  Stalker x2  
  116  14:50  Dark Templar x2  
  113  15:23  Probe  
  113  15:25  Adept x4  
  113  15:26  Adept x4  
  128  15:37  Pylon  
  128  15:40  Pylon  
  128  15:44  Pylon  
  125  16:16  Phoenix x3 (Chrono Boost)  
  127  16:19  Nexus  
  127  16:22  Assimilator  
  119  16:26  Assimilator  
  119  16:28  Pylon, Stalker x4  
  119  16:29  Stalker x4  
  119  16:30  Probe  
  119  16:31  Pylon, Probe  
  133  16:35  Gateway  
  133  16:37  Probe, Gateway  
  134  16:41  Pylon  
  134  16:43  Probe  
  134  16:45  Pylon  
  135  16:49  Probe x2  
  128  17:10  Photon Cannon  
  128  17:14  Phoenix x2 (Chrono Boost)  
  128  17:15  Phoenix (Chrono Boost)  
  126  17:17  High Templar x3  
  126  17:18  High Templar x4  
  138  17:54  Stalker x4  
  138  17:55  Stalker x2  
  150  18:00  Blink (Chrono Boost)  
  149  18:19  Zealot x4  
  156  18:29  Oracle  
  148  18:50  Zealot x2  
  148  18:51  Zealot  
  148  18:52  Zealot x2  
  148  19:17  Phoenix  
  148  19:20  Phoenix  
  148  19:21  Phoenix  
  154  20:34  Archon x2  
  154  20:35  Archon  
  136  20:40  Stalker  
  136  20:41  Stalker x4  
  122  20:45  Archon x2  
Show
View Real Time Build Order
Export as new Build Order

Walmartpimp Protoss 

Build Orders: Nexus First 

Get SALT Encoding   

  12  0:02  Probe (Chrono Boost)  
  13  0:12  Probe (Chrono Boost)  
  14  0:49  Nexus  
  14  0:57  Pylon  
  14  1:07  Probe (Chrono Boost)  
  15  1:17  Probe (Chrono Boost)  
  16  1:26  Gateway  
  16  1:28  Probe (Chrono Boost)  
  17  1:38  Probe (Chrono Boost), Gateway  
  18  1:50  Forge  
  18  2:04  Probe (Chrono Boost)  
  19  2:13  Zealot (Chrono Boost)  
  19  2:14  Probe (Chrono Boost)  
  22  2:25  Probe  
  22  2:27  Zealot (Chrono Boost)  
  25  2:37  Pylon, Probe  
  25  2:38  Zealot (Chrono Boost)  
  25  2:43  Pylon  
  28  2:44  Assimilator  
  28  2:46  Probe  
  28  2:49  Probe  
  28  2:50  Zealot (Chrono Boost)  
  32  2:58  Probe  
  33  3:03  Photon Cannon  
  33  3:10  Probe, Photon Cannon  
  34  3:13  Assimilator  
  34  3:25  Photon Cannon  
  34  3:31  Photon Cannon  
  34  3:37  Assimilator  
  34  3:40  Probe, Assimilator  
  35  3:42  Pylon  
  35  3:47  Pylon  
  35  3:49  Probe  
  36  4:01  Probe  
  37  4:19  Nexus  
  37  4:21  Pylon  
  37  4:25  Pylon  
  37  4:30  Pylon, Probe  
  38  4:42  Cybernetics Core  
  38  4:48  Photon Cannon  
  38  4:52  Photon Cannon  
  38  5:00  Pylon  
  38  5:04  Photon Cannon  
  38  5:13  Pylon  
  38  5:17  Photon Cannon  
  38  5:20  Mothership Core (Chrono Boost)  
  40  5:42  Photon Cannon  
  36  5:44  Photon Cannon  
  27  6:14  Probe (Chrono Boost), Robotics Facility  
  27  6:15  Robotics Facility  
  27  6:16  Stalker  
  16  6:20  Stalker  
  19  6:26  Probe (Chrono Boost)  
  19  6:31  Probe (Chrono Boost)  
  20  6:37  Probe (Chrono Boost)  
  20  6:38  Probe (Chrono Boost)  
  22  6:45  Probe (Chrono Boost)  
  23  6:50  Probe (Chrono Boost)  
  24  7:00  Probe (Chrono Boost)  
  26  7:02  Probe (Chrono Boost)  
  26  7:08  Probe (Chrono Boost)  
  27  7:14  Probe (Chrono Boost)  
  28  7:18  Probe (Chrono Boost)  
  29  7:25  Pylon  
  29  7:40  Pylon  
  29  7:41  Probe (Chrono Boost)  
  30  7:52  Probe (Chrono Boost)  
  30  7:54  Photon Cannon  
  31  8:05  Photon Cannon  
  31  8:19  Photon Cannon  
  32  8:20  Probe (Chrono Boost)  
  32  8:31  Stalker  
  32  8:32  Stalker  
  35  8:49  Probe (Chrono Boost)  
  36  9:00  Probe (Chrono Boost)  
  36  9:01  Assimilator  
  24  9:10  Probe (Chrono Boost)  
  24  9:16  Probe (Chrono Boost)  
  26  9:21  Probe (Chrono Boost)  
  27  9:30  Assimilator  
  27  9:31  Probe (Chrono Boost)  
  28  9:40  Probe (Chrono Boost)  
  28  9:42  Probe (Chrono Boost)  
  30  9:51  Probe (Chrono Boost), Protoss Ground Weapons Level 1  
  32  9:52  Probe (Chrono Boost)  
  32  10:01  Probe (Chrono Boost)  
  32  10:03  Probe (Chrono Boost)  
  34  10:10  Zealot  
  34  10:13  Probe (Chrono Boost), Warp Gate  
  37  10:20  Zealot  
  39  10:24  Probe (Chrono Boost)  
  40  10:30  Probe (Chrono Boost)  
  40  10:35  Probe (Chrono Boost)  
  42  10:40  Probe (Chrono Boost)  
  43  10:45  Probe (Chrono Boost)  
  44  10:51  Probe (Chrono Boost)  
  44  10:52  Zealot  
  44  10:56  Probe (Chrono Boost)  
  48  11:07  Probe (Chrono Boost)  
  49  11:27  Stargate  
  49  11:30  Stargate  
  49  11:31  Zealot  
  49  11:32  Twilight Council, Zealot  
  53  11:39  Probe (Chrono Boost)  
  54  11:49  Probe (Chrono Boost)  
  55  11:56  Photon Cannon  
  55  11:58  Pylon, Zealot  
  55  11:59  Zealot  
  55  12:00  Probe (Chrono Boost)  
  55  12:01  Protoss Shields Level 1  
  60  12:07  Protoss Air Weapons Level 1  
  60  12:15  Void Ray (Chrono Boost)  
  64  12:22  Charge  
  64  12:32  Photon Cannon  
  68  12:47  Void Ray (Chrono Boost)  
  68  12:49  Robotics Facility  
  68  12:52  Probe  
  69  13:03  Probe  
  69  13:04  Void Ray (Chrono Boost)  
  74  13:09  Zealot  
  74  13:12  Zealot  
  78  13:13  Probe  
  79  13:24  Gateway  
  79  13:29  Gateway  
  79  13:39  Observer  
  80  13:51  Stalker  
  80  13:53  Stalker  
  84  14:00  Observer  
  85  14:10  Void Ray (Chrono Boost)  
  85  14:16  Void Ray (Chrono Boost)  
  93  14:22  Observer  
  94  14:47  Void Ray (Chrono Boost)  
  98  15:01  Pylon, Observer  
  99  15:08  Zealot  
  99  15:09  Zealot x2  
  101  15:23  Observer  
  102  15:32  Void Ray (Chrono Boost)  
  110  15:38  Void Ray (Chrono Boost)  
  110  15:44  Observer  
  111  16:09  Void Ray (Chrono Boost)  
  110  16:15  Stalker x2  
  110  16:16  Stalker  
  112  16:21  Void Ray (Chrono Boost)  
  109  16:29  Nexus  
  107  16:33  Probe  
  108  16:44  Probe  
  108  16:47  Void Ray (Chrono Boost)  
  113  16:54  Probe  
  114  17:25  Probe  
  115  17:35  Probe  
  116  17:46  Probe  
  117  17:56  Probe  
  118  18:07  Probe  
  116  18:43  Probe  
  117  18:54  Probe  
  118  19:00  Photon Cannon  
  118  19:04  Probe, Photon Cannon  
  118  19:06  Stalker  
  121  19:15  Probe  
  122  19:25  Probe  
  123  19:37  Probe  
  124  19:47  Probe  
  124  19:49  Pylon  
  124  19:52  Pylon  
  125  19:58  Probe  
  126  20:08  Probe  
  126  20:10  Pylon  
  126  20:14  Pylon  
  127  20:18  Pylon  
  127  20:19  Probe  
  128  20:22  Assimilator  
  126  20:29  Probe  
  92  20:40  Probe  
  46  20:50  Probe, Zealot x2  
  46  20:51  Zealot x2  
Tags
 
Matchup
PvP
Replay Pack
All Mines
Spawn Locations
Cross Positions
Add a new tag
Caveats
  • Supply blocks, unpowered buildings, or Contaminate may cause inaccurate times.
  • Supply counts are checked every 10 seconds.